 Dungeon Crawl Stone Soup version 0.30.1-3-gfc49f6343a (webtiles) character file.

Game seed: 6408628007740082189

17642 101zpm the Eclecticist (level 12, -7/72 HPs)
             Began as a Djinni Fire Elementalist on July 27, 2023.
             Mangled by a wolf spider (11 damage)
             ... on level 1 of the Lair of Beasts.
             The game lasted 00:50:29 (14104 turns).

101zpm the Eclecticist (Djinni Fire Elementalist)  Turns: 14104, Time: 00:50:30

Health: -7/72      AC:  9    Str:  9    XL:     12   Next: 85%
Gold:   856        EV: 14    Int: 24    God:
                   SH:  5    Dex: 15

rFire   + + +        e - +10 bardiche of Prescription {pain, rF+ rN+ Str+2 Stlth+}
rCold   . . .        (shield currently unavailable)
rNeg    + . .        a - +0 robe
rPois   ∞            k - +2 helmet
rElec   .            y - scarf of Springtime {shadows, rF++ Int+3}
rCorr   .            (no gloves)
SInv    .            (boots unavailable)
Will    +....        t - amulet "Wuystibo" {Reflect Slay+5 SH+5}
Stlth   ++++         c - +4 ring of protection
HPRegen 0.32/turn    g - ring of protection from cold
MPRegen 0.00/turn

%: reflection, infuse magic (-8 HP)
@: flying
A: sickness immunity, fire resistance 2, cold vulnerability 1, float, innate
caster, HP casting, extra vitality 1
a: no special abilities


You were on level 1 of the Lair of Beasts.
You visited 2 branches of the dungeon, and saw 12 of its levels.
You also visited: Bailey.

You collected 856 gold pieces.

Inventory:

Hand Weapons
 e - the +10 bardiche of Prescription (weapon) {pain, rF+ rN+ Str+2 Stlth+}
   (You acquired it in a bailey)

   Str:       It affects your strength (+2).
   rF:        It protects you from fire.
   rN:        It protects you from negative energy.
   Stlth:     It makes you more stealthy.
 N - the +3 mace of Anxiety {holy, Dex+2 Stlth+}
   (You took it off a spriggan in a bailey)

   Dex:       It affects your dexterity (+2).
   Stlth:     It makes you more stealthy.
Missiles
 O - 2 throwing nets
 R - 6 boomerangs
 S - 2 silver boomerangs
Armour
 a - a +0 robe (worn)
 k - a +2 helmet (worn)
 y - the scarf of Springtime (worn) {shadows, rF++ Int+3}
   (You found it on level 5 of the Dungeon)

   Int:       It affects your intelligence (+3).
   rF:        It greatly protects you from fire.
Magical Staves
 C - the staff of conjuration "Feecon" {rElec rCorr}
   (You took it off a goblin on level 4 of the Dungeon)

   [staff of conjuration]

   Your inability to study Conjurations prevents you from drawing on the full
   power of this staff in melee.
   Base accuracy: +5 Base damage: 5 Base attack delay: 1.2 This weapon's minimum
   attack delay (0.6) is reached at skill level 12.
   rElec:     It insulates you from electricity.
   rCorr:     It protects you from acid and corrosion.
   It falls into the 'Staves' category.
   It is a one-handed weapon.
Jewellery
 c - a +4 ring of protection (left hand)
 g - a ring of protection from cold (right hand)
 l - a ring of protection from fire
 t - the amulet "Wuystibo" (around neck) {Reflect Slay+5 SH+5}
   (You acquired it in a bailey)

   [amulet of reflection]

   It reflects blocked missile attacks.
   Slay:      It affects your accuracy & damage with ranged weapons and melee
   (+5).
   SH:        It affects your SH (+5).
 K - a +6 ring of intelligence
 P - a ring of positive energy
Wands
 m - a wand of flame (9)
 u - a wand of quicksilver (9)
 x - a wand of roots (31)
 H - a wand of charming (15)
Scrolls
 f - 2 scrolls of fear
 h - 3 scrolls of poison
 o - 3 scrolls of noise
 q - 5 scrolls of enchant weapon
 s - a scroll of summoning
 w - 2 scrolls of magic mapping
 B - 4 scrolls of teleportation
 E - 3 scrolls of blinking {unknown}
 G - 3 scrolls of vulnerability {unknown}
 I - 3 scrolls of enchant armour {unknown}
 J - 2 scrolls of fog {unknown}
 L - a scroll of brand weapon {unknown}
 Q - 2 scrolls of identify
Potions
 b - 6 potions of curing {unknown}
 d - 2 potions of resistance
 i - a potion of mutation {unknown}
 j - 3 potions of attraction {unknown}
 n - 2 potions of brilliance {unknown}
 p - a potion of magic {unknown}
 r - 3 potions of haste {unknown}
 v - 3 potions of degeneration {unknown}
 z - a potion of heal wounds
 A - 2 potions of might {unknown}
 D - a potion of lignification {unknown}
 F - 3 potions of flight {unknown}
 M - a potion of cancellation {unknown}


   Skills:
 + Level 1.0 Fighting
 + Level 4.4 Dodging
 + Level 4.1 Stealth
 + Level 0.6 Shields
 + Level 15.0 Spellcasting


You knew the following spells:

 Your Spells              Type           Power      Damage    Failure   Level
a - Foxfire               Conj/Fire      100%       2x1d9     0%          1
b - Scorch                Fire           100%       2d9       0%          2
c - Volatile Blastmotes   Fire/Tloc      100%       2d18      1%          3
d - Inner Flame           Hex/Fire       74%        N/A       1%          3
e - Flame Wave            Conj/Fire      74%        2d16      1%          4
f - Beastly Appendage     Tmut           100%       N/A       0%          1
g - Poisonous Vapours     Pois/Air       100%       N/A       0%          2
h - Dazzling Flash        Conj/Hex       100%       N/A       1%          3
i - Teleport Other        Tloc           74%        N/A       1%          3
j - Summon Forest         Summ/Tloc      37%        N/A       1%          5
Your spell library was empty.

Dungeon Overview and Level Annotations

Branches:
Dungeon (11/15)            Temple (0/1) D:5            Lair (1/5) D:9
 Bailey (visited)
    Orc: D:9-12

Altars:
Gozag
Hepliaklqana
Trog
The Shining One

Shops:
D:10 :

Annotations:
D:2 1 runed translucent door, Crazy Yiuf
D:7 1 runed translucent door, ymhsbmbesitwf's ghost, novice MiBe
D:8 2 transporters
D:9 2 transporters, CrazyMind's ghost, journeyman AtFi


Innate Abilities, Weirdness & Mutations

You are immune to sickness and miasma.
You are immune to poison.
Your flesh is very heat resistant. (rF++)
You are vulnerable to cold. (rC-)
You float through the air rather than walking.
You learn spells naturally, not from books.
Your magical power is your life essence.
You have superior vitality. (+4 MHP)


Message History

The wolf is filled with an inner flame.
* * * LOW HITPOINT WARNING * * *
The foxfire hits the wolf.
Flame seeps out of the wolf.
The wolf is moderately wounded.
A wolf comes into view.
Casting: Inner Flame (safe; 1% risk of failure)
Confirm with . or Enter, or press ? or * to list all spells.
Flames lash the wolf.
Flame seeps out of the wolf.
The wolf is heavily wounded.
The wolf's fire resistance burns away.
* * * LOW HITPOINT WARNING * * *
You hear a bellow!
A wolf spider comes into view.
A wolf comes into view.
The wolf is engulfed in blazing flames.
Flame seeps out of the wolf.
The wolf bites you but does no damage.
Casting: Scorch (safe; 0% risk of failure)
Confirm with . or Enter, or press ? or * to list all spells.
Flames lash the wolf.
The wolf is burned terribly!
The wolf spider's many legs skitter.
* * * LOW HITPOINT WARNING * * *
The wolf explodes!
The fiery explosion engulfs the wolf spider!!
The wolf spider is heavily wounded.
The wolf bites you but does no damage.
The wolf spider is engulfed in blazing flames.
The wolf closely misses you.
Casting: Scorch (safe; 0% risk of failure)
Confirm with . or Enter, or press ? or * to list all spells.
Aiming: Poisonous Vapours (safe; 0% risk of failure)
Press: ? - help, Dir - move target, f - wolf
Aim: a wolf Poisonous vapours surround the wolf!
The wolf is poisoned.
* * * LOW HITPOINT WARNING * * *
The wolf is engulfed in blazing flames.
The wolf bites you.
* * * LOW HITPOINT WARNING * * *
The wolf spider is engulfed in blazing flames.
You block the wolf's attack.
The wolf spider is engulfed in blazing flames.
The wolf spider hits you!
You die...

......###............
..................(..
.P#................##
....................###
#....###..............
..................☼h..
####..####.##....#○# #
.. #.#.##h#s###.## .
.......@......(
.....P#.........
...........!.....
#####....#.##.#P
......... ..
>......P#.# ........ ..
...... ...


You could see a wolf spider and 2 wolves.

Vanquished Creatures
  Erolcha (D:9)
  A boulder beetle (D:11)
  Harold (D:9)
  4 two-headed ogres
  Joseph (D:9)
  The ghost of Moses069 the Cleaver, a novice MiBe of Trog (D:4)
  A gargoyle (D:7)
  An unseen horror (D:11)
  2 hornets
  Sigmund (D:2)
  20 yaks
  A shadow (D:10)
  A vampire (D:9)
  3 spriggans (Bailey)
  2 wraiths (D:9)
  6 steam dragons
  6 vampire mosquitoes (D:11)
  Menkaure (D:5)
  Edmund (D:5)
  An acid dragon (D:11)
  5 water moccasins
  3 ice beasts
  A sky beast (D:8)
  A black bear (D:7)
  8 ogres
  8 wolves (Lair:1)
  3 centaurs
  5 kobold brigands
  Blork the orc (D:5)
  3 scorpions
  8 bullfrogs
  7 wights (D:8)
  16 killer bees
  2 howler monkeys (D:10)
  4 hounds
  4 orc priests
  6 jellies
  Ijyb (D:3)
  Jessica (D:3)
  3 iguanas
  2 sleepcaps
  6 orc wizards
  Robin (D:2)
  10 adders
  5 gnolls
  4 shadow imps
  4 white imps
  4 ufetubi
  2 worms
  4 dart slugs
  26 orcs
  9 ball pythons
  9 bats
  11 endoplasms
  3 giant cockroaches
  13 goblins
  18 hobgoblins
  6 jackals
  6 quokkas
  2 frilled lizards
  25 kobolds
  5 rats
321 creatures vanquished.

Vanquished Creatures (collateral kills)
  8 foxfires (D:1)
8 creatures vanquished.

Vanquished Creatures (others)
  909 foxfires
909 creatures vanquished.

Grand Total: 1238 creatures vanquished

Notes
Turn   | Place    | Note
-------+----------+-------------------------------------------
     0 | D:1      | 101zpm the Djinni Fire Elementalist began the quest for the
                  | Orb.
     0 | D:1      | 101zpm set off with the following spells memorised:
                  | Foxfire, Scorch, Volatile Blastmotes, Inner Flame, Flame
                  | Wave.
     0 | D:1      | Reached XP level 1. HP: 15/15 MP: 0/0
   197 | D:2      | Reached XP level 2. HP: 17/21 MP: 0/0
   262 | D:2      | Reached skill level 3 in Spellcasting
   278 | D:2      | Reached XP level 3. HP: 20/25 MP: 0/0
   278 | D:2      | Learned a level 1 spell: Beastly Appendage
   873 | D:1      | Reached XP level 4. HP: 29/31 MP: 0/0
  1403 | D:2      | Noticed Robin
  1701 | D:2      | Found a runed translucent door.
  1702 | D:2      | Noticed Crazy Yiuf
  1933 | D:2      | Killed Robin
  1934 | D:2      | Reached XP level 5. HP: 24/35 MP: 0/0
  1934 | D:2      | Learned a level 2 spell: Poisonous Vapours
  1936 | D:2      | Noticed Sigmund
  1942 | D:2      | Killed Sigmund
  1943 | D:2      | Reached skill level 5 in Spellcasting
  1943 | D:2      | Reached XP level 6. HP: 17/40 MP: 0/0
  2412 | D:3      | Noticed an ogre
  2417 | D:3      | Killed an ogre
  2418 | D:3      | Reached XP level 7. HP: 37/45 MP: 0/0
  2418 | D:3      | Learned a level 3 spell: Dazzling Flash
  2691 | D:3      | Noticed Ijyb
  2697 | D:3      | Killed Ijyb
  2879 | D:3      | Found a faded altar of an unknown god.
  3065 | D:3      | Noticed Jessica
  3076 | D:3      | Killed Jessica
  3330 | D:4      | Found a runed translucent door.
  3337 | D:4      | Noticed Moses069's ghost (novice MiBe)
  3355 | D:4      | Reached skill level 6 in Spellcasting
  3445 | D:4      | Identified the staff of conjuration "Feecon" {rElec rCorr}
  3851 | D:4      | Reached XP level 8. HP: 45/50 MP: 0/0
  4032 | D:5      | Entered Level 5 of the Dungeon
  4043 | D:5      | Noticed Edmund
  4049 | D:5      | Killed Edmund
  4050 | D:5      | Reached skill level 7 in Spellcasting
  4297 | D:5      | Noticed Blork the orc
  4307 | D:5      | Killed Blork the orc
  4479 | D:5      | Identified the scarf of Springtime {shadows, rF++ Int+3}
  4622 | D:5      | Noticed Menkaure
  4626 | D:5      | Killed Menkaure
  4627 | D:5      | Reached skill level 8 in Spellcasting
  4908 | D:4      | Reached XP level 9. HP: 52/55 MP: 0/0
  4908 | D:4      | Learned a level 3 spell: Teleport Other
  5240 | D:4      | Killed Moses069's ghost
  5568 | D:6      | Reached skill level 9 in Spellcasting
  6222 | D:7      | Found a runed translucent door.
  6422 | D:5      | Found a staircase to the Ecumenical Temple.
  6643 | D:7      | Noticed a gargoyle
  6677 | D:7      | Reached XP level 10. HP: 48/60 MP: 0/0
  6738 | D:7      | Reached skill level 10 in Spellcasting
  7150 | D:7      | Killed a gargoyle
  7730 | D:7      | Noticed ymhsbmbesitwf's ghost (novice MiBe)
  7954 | D:8      | Found a transporter.
  7971 | D:8      | Reached skill level 11 in Spellcasting
  8040 | D:8      | Found a transporter.
  8360 | D:8      | Found a glowing golden altar of the Shining One.
  8364 | D:8      | Found a bloodstained altar of Trog.
  8364 | D:8      | Found a hazy altar of Hepliaklqana.
  8365 | D:8      | Found an opulent altar of Gozag.
  9059 | D:8      | Identified 2 scrolls of acquirement
  9264 | D:9      | Reached XP level 11. HP: 49/66 MP: 0/0
  9264 | D:9      | Learned a level 5 spell: Summon Forest
  9266 | D:9      | Noticed Erolcha
  9273 | D:9      | Killed Erolcha
  9274 | D:9      | Reached skill level 12 in Spellcasting
  9561 | D:9      | Found a flagged portal.
  9567 | Bailey   | Entered a bailey
  9632 | Bailey   | Acquired the amulet "Wuystibo" {Reflect Slay+5 SH+5}
  9644 | Bailey   | Acquired the +10 bardiche of Prescription {pain, rF+ rN+
                  | Str+2 Stlth+}
  9712 | Bailey   | Noticed a two-headed ogre
  9717 | Bailey   | Killed a two-headed ogre
  9719 | Bailey   | Identified the +3 mace of Anxiety {holy, Dex+2 Stlth+}
  9975 | D:9      | Noticed CrazyMind's ghost (journeyman AtFi)
  9994 | D:9      | Found a transporter.
  9994 | D:9      | Noticed a moth of wrath
  9995 | D:9      | Noticed Harold
 10020 | D:9      | Killed Harold
 10021 | D:9      | Reached skill level 13 in Spellcasting
 10147 | D:9      | Found a transporter.
 10175 | D:9      | Found a staircase to the Lair.
 10596 | D:9      | Noticed Joseph
 10603 | D:9      | Killed Joseph
 10814 | D:10     | Entered Level 10 of the Dungeon
 11147 | D:10     | Reached XP level 12. HP: 52/71 MP: 0/0
 11343 | D:10     | Reached skill level 14 in Spellcasting
 11446 | D:10     | Found Ukloupatibb's Book Shop.
 12312 | D:11     | Noticed a two-headed ogre
 12323 | D:11     | Killed a two-headed ogre
 12430 | D:11     | Noticed a two-headed ogre
 12435 | D:11     | Killed a two-headed ogre
 12476 | D:11     | Noticed a two-headed ogre
 12480 | D:11     | Killed a two-headed ogre
 12558 | D:11     | Noticed a boulder beetle
 12573 | D:11     | Killed a boulder beetle
 13265 | D:11     | Reached skill level 1 in Fighting
 13994 | Lair:1   | Entered Level 1 of the Lair of Beasts
 14101 | Lair:1   | Reached skill level 15 in Spellcasting
 14104 | Lair:1   | Mangled by a wolf spider

Illustrated notes

Levels and vault maps discovered:
D:1:      dpeg_arrival_round_a, layout_rooms, serial_forest,
          infiniplex_forest_clump_small, infiniplex_forest_diagonal,
          infiniplex_forest_fountain, infiniplex_forest_3_way,
          infiniplex_forest_lined_3, infiniplex_forest_end_2,
          infiniplex_forest_end_1, infiniplex_forest_clump_curved,
          minmay_3d_cube
D:2:      layout_loops_cross, kennysheep_path_1, uniq_sigmund,
          uniq_crazy_yiuf_cottage, uniq_robin
D:3:      layout_rooms, hellmonk_ecumenical_altar_heavens_door, uniq_jessica,
          uniq_ijyb
D:4:      layout_rooms, ebering_ghost_sewer_d, nzn_random_ring
D:5:      layout_gridville, minmay_temple_entry_enclosed_plants, minivault_1,
          uniq_blork_the_orc, uniq_menkaure, uniq_edmund
D:6:      minmay_diamond_boxcup, layout_cave_pools
D:7:      layout_loops_ring, ebering_ghost_reflecting_pool,
          minmay_misc_feat_pillars
D:8:      gammafunk_steamed_eel, layout_basic, grunt_temple_overflow_open,
          minmay_joined_circles
D:9:      layout_irregular_city, dpeg_oklobed_lair,
          gammafunk_ghost_berserking_beasts, enter_bailey_4, uniq_harold,
          uniq_erolcha, uniq_joseph
D:10:     layout_long_grid, serial_shops, kennysheep_mini_moat,
          grunt_ministairs_6, minmay_misc_feat_chi
D:11:     layout_gridville
Lair:1:   layout_long_grid, nicolae_lair_run_with_the_wolves, uniq_erica

Skill      XL: |  1  2  3  4  5  6  7  8  9 10 11 12 |
---------------+-------------------------------------+-----
Spellcasting   | 3 5 6 8 9 11 13 15 | 15.0
Stealth        | 2 3 4 |  4.1
Dodging        | 3 4 |  4.4
Fighting       | 1 |  1.0
Shields        | |  0.6

Action                     |  1- 3 |  4- 6 |  7- 9 | 10-12 || total
---------------------------+-------+-------+-------+-------++-------
   Cast: Foxfire           |    70 |    52 |   197 |   238 ||   557
         Scorch            |     6 |    16 |    66 |   109 ||   197
         Inner Flame       |     4 |     2 |    37 |   119 ||   162
         Poisonous Vapours |       |     1 |     1 |     7 ||     9
         Beastly Appendage |       |       |     1 |     2 ||     3
         Teleport Other    |       |       |       |     3 ||     3
    Use: Scroll            |       |       |       |    11 ||    11
 Armour: Robe              |     1 |     3 |    16 |    26 ||    46
  Dodge: Dodged            |     4 |     3 |    18 |    54 ||    79
  Block: Other             |       |       |       |    10 ||    10
         Reflection        |       |       |       |     2 ||     2
